 Dungeon Crawl Stone Soup version 0.30-a0-137-gd8773701ce (webtiles) character file.

Game seed: 10033740523745741400

6413 spaghetti the Summoner (level 10, -5/71 HPs)
             Began as an Octopode Summoner on Sept 23, 2022.
             Was an Initiate of Gozag.
             Slain by a troll (14 damage)
             ... on level 9 of the Dungeon.
             The game lasted 00:16:56 (9011 turns).

spaghetti the Summoner (Octopode Summoner)          Turns: 9011, Time: 00:16:56

Health: -5/71      AC:  9    Str: 14    XL:     10   Next: 98%
Magic:  12/22      EV: 16    Int: 28    God:    Gozag
Gold:   649        SH:  0    Dex: 12    Spells: 3/25 levels left

rFire   . . .      SeeInvis .    j - +0 short sword (elec) {short}
rCold   . . .      Faith    .    (no shield)
rNeg    . . .      Spirit   .    (helmet restricted)
rPois   .          Reflect  .    o - amulet of regeneration {@e2}
rElec   .          Harm     .    c - +6 ring of intelligence
rCorr   .          Rampage  .    h - +6 ring of strength
Will    .....                    i - +4 ring of protection
Stlth   +++.......               B - +4 ring of protection
HPRegen 1.01/turn                (no ring)
MPRegen 0.18/turn                (no ring)
                                 (no ring)
                                 (no ring)

@: no status effects
A: almost no armour, amphibious, 8 rings, camouflage 1, gelatinous body 1,
(nimble swimmer 1), tentacles
a: Renounce Religion, Potion Petition, Call Merchant, Bribe Branch


You were on level 9 of the Dungeon.
You worshipped Gozag.
Gozag was pleased with you.
You visited 2 branches of the dungeon, and saw 10 of its levels.
You also visited: Sewer.

You collected 1196 gold pieces.
You paid 547 gold pieces to Gozag.


Innate Abilities, Weirdness & Mutations

You cannot wear most types of armour.
You are amphibious.
You can wear up to eight rings at the same time.
Your skin changes colour to match your surroundings (Stealth+).
Your rubbery body absorbs attacks. (AC +1, EV +1)
((You are camouflaged when in or above water. (Stealth+)))
You have tentacles for arms and can constrict up to eight enemies at once.


   Skills:
 + Level 7.3 Fighting
 + Level 8.6 Dodging
 - Level 2.6 Stealth
 + Level 8.0 Spellcasting
 + Level 9.4 Summonings


You had 3 spell levels left.
You knew the following spells:

 Your Spells              Type           Power      Damage    Failure   Level
a - Summon Small Mammal   Summ           100%       N/A       1%          1
b - Call Imp              Summ           59%        N/A       1%          2
c - Call Canine Familiar  Summ           59%        N/A       1%          3
d - Summon Guardian Gole  Hex/Summ       37%        N/A       2%          3
e - Summon Lightning Spi  Summ/Air       37%        N/A       7%          4
f - Swiftness             Air            11%        N/A       14%         3
g - Summon Cactus Giant   Summ           29%        N/A       16%         6

Your spell library contained the following spells:

 Spells                   Type           Power      Damage    Failure   Level
 Foxfire                  Conj/Fire      44%        2x1d6     4%          1
 Necrotise                Necr           44%        1d6       4%          1
 Cigotuvi's Dreadful Rot  Necr/Pois/Air  22%        N/A       8%          2
 Ensorcelled Hibernation  Hex/Ice        22%        N/A       8%          2
 Passwall                 Tmut/Erth      9%         N/A       8%          2
 Poisonous Vapours        Pois/Air       22%        N/A       8%          2
 Scorch                   Fire           22%        2d6       8%          2
 Inner Flame              Hex/Fire       11%        N/A       14%         3
 Kindle Blastsparks       Fire/Tloc/Air  22%        2d11      14%         3
 Portal Projectile        Hex/Tloc       22%        N/A       14%         3
 Tukima's Dance           Hex            11%        N/A       14%         3
 Vampiric Draining        Necr           11%        2d6       14%         3
 Flame Wave               Conj/Fire      11%        2d6       43%         4
 Agony                    Necr           11%        N/A       80%         5
 Blade Hands              Tmut           5%         N/A       80%         5

Inventory:

Hand Weapons
 e - a +0 dagger {short}
   (You took it off a kobold on level 1 of the Dungeon)
 j - a +0 short sword of electrocution (weapon) {short}
   (You took it off a kobold on level 1 of the Dungeon)
 J - a +2 short sword of draining {short}
   (You took it off a kobold on level 8 of the Dungeon)
 M - a +1 scimitar of flaming {long}
   (You took it off Erica on level 8 of the Dungeon)
Missiles
 b - 97 stones {throwing}
 d - 31 poisoned darts {throwing}
 I - 4 boomerangs {throwing}
 N - a throwing net {=f!fthrowing}
Magical Staves
 x - a staff of cold {!astaff}
   (You found it on level 3 of the Dungeon)
 E - a staff of air {!astaff}
   (You found it on level 6 of the Dungeon)
Jewellery
 c - a +6 ring of intelligence (left tentacle)
   (You found it on level 1 of the Dungeon)
 h - a +6 ring of strength (right tentacle)
   (You found it on level 3 of the Dungeon)
 i - a +4 ring of protection (on tentacle)
   (You found it on level 3 of the Dungeon)
 o - an amulet of regeneration (around mantle) {@e2}
   (You found it on level 2 of the Dungeon)
 B - a +4 ring of protection (on tentacle)
   (You found it on level 5 of the Dungeon)
 L - an amulet of faith {!P}
   (You found it on level 8 of the Dungeon)
Wands
 y - a wand of polymorph (11)
   (You found it on level 5 of the Dungeon)
 C - a wand of flame (32)
   (You found it on level 5 of the Dungeon)
 F - a wand of roots (17)
   (You found it on level 6 of the Dungeon)
Scrolls
 g - 7 scrolls of vulnerability {!r!r}
 k - a scroll of brand weapon
 n - a scroll of immolation {!r!r}
 q - 2 scrolls of poison {!r}
 r - 2 scrolls of enchant armour
 s - 4 scrolls of teleportation {unknown}
 t - a scroll of torment {unknown}
 z - 3 scrolls of magic mapping {unknown}
 G - a scroll of fear
 K - a scroll of silence {!r}
Potions
 a - a potion of magic
 f - 2 potions of flight
 l - 5 potions of heal wounds {unknown}
 m - 3 potions of degeneration {unknown}
 p - 4 potions of resistance {unknown}
 u - 2 potions of invisibility
 v - a potion of haste {unknown}
 w - 7 potions of curing {unknown}
 A - a potion of cancellation {unknown}
 D - 2 potions of mutation {unknown}
 H - a potion of attraction {unknown}

Dungeon Overview and Level Annotations

Branches:
Dungeon (9/15) Zot: 26608  Temple (1/1) D:4 Zot: 5887     Orc (0/2) D:9
  Sewer (visited)
   Lair: D:8-11

Altars:
Ashenzari
Cheibriados
Dithmenos
Elyvilon
Fedhas
Gozag
Hepliaklqana
Kikubaaqudgha
Makhleb
Nemelex Xobeh
Qazlal
Ru
Sif Muna
Trog
Uskayaw
Wu Jian
Xom
Yredelemnul
Zin
The Shining One

Shops:
D:7 :   D:9 (:

Annotations:
D:1 1 transporter

.###...........)...#.............
>....8....>....8..+#.............
..##...........)).[..[.####+#....
..###...........#......#....'....
..# #.....8.....#......#....#>...
..######.....####......######....
###........##5......######..#####
#.......###..8.C..#...#...#....
#......## #...@...#...'...#....
#......# #...yT..#.####.###..#
#..5.####........##.########'##
#....# #........#............#
#....# #........#............#
#)...# #........#............#
#....# #........##############
###### ########## #


You could see a troll (ally target), a hornet, a friendly cactus giant
(summoned), a friendly lightning spire (summoned) and a friendly crimson imp
(summoned).


Message History

There is a stone staircase leading down here.
You swap places.
You see here a +2 dagger of venom {short}.
You swap places.
Your crimson imp blinks!
A troll comes into view.
A troll is nearby!
Okay, then.
A hornet comes into view.
The hornet buzzes angrily.
The troll shouts!
You swap places.
The troll barely misses you. The troll claws you! The troll misses you.
You are too injured to fight recklessly! 😕 HP[-8]
You take 8 damage, and now have 63/71 hp.
You are too injured to fight recklessly!
You are too injured to fight recklessly!
You are too injured to fight recklessly!
You are too injured to fight recklessly!
You are too injured to fight recklessly!
You are too injured to fight recklessly!
You are too injured to fight recklessly!
You are too injured to fight recklessly!
You are too injured to fight recklessly!
You are too injured to fight recklessly!
You are too injured to fight recklessly!
You are too injured to fight recklessly!
You are too injured to fight recklessly!
You are too injured to fight recklessly!
You are too injured to fight recklessly!
You are too injured to fight recklessly!
You are too injured to fight recklessly!
You are too injured to fight recklessly!
You hit the troll.
Your wolf barely misses the troll.
Your wolf closely misses the troll.
The troll bites you. The troll misses you.
The troll completely misses you. 😕 HP[-2]
You take 2 damage, and now have 61/71 hp.
You barely miss the troll.
Your wolf bites the troll but does no damage.
The hornet completely misses your wolf.
Your wolf bites the troll!
The troll bites you! The troll barely misses you. The troll claws you!
The hornet misses your wolf. 😮 HP[-19]
You take 19 damage, and now have 42/71 hp.
MASSIVE DAMAGE!! (PAUSE)
Casting: Summon Small Mammal (safe; 1% risk of failure)
Confirm with . or Enter, or press ? or * to list all spells.
You don't know that spell.
Casting: Summon Small Mammal (safe; 1% risk of failure)
Confirm with . or Enter, or press ? or * to list all spells.
The spell is quite dangerous to miscast (16% risk of failure)!
Continue anyway?
Okay, then.
Unknown command.
Casting: Summon Cactus Giant (quite dangerous; 16% risk of failure)
Confirm with . or Enter, or press ? or * to list all spells.
The spell is quite dangerous to miscast (16% risk of failure)!
Continue anyway?
Your wolf barely misses the troll.
The hornet stings your wolf!
Your wolf seems to slow down.
Your wolf misses the troll. The troll bites you. The troll closely misses you.
The troll claws you!
* * * LOW HITPOINT WARNING * * *
😨 HP[-11] MP[-6]
You take 11 damage, and now have 31/71 hp.
You lost 6 mp, and now have 16/22 mp.
Unknown command.
Unknown command.
Casting: Summon Cactus Giant (quite dangerous; 16% risk of failure)
Confirm with . or Enter, or press ? or * to list all spells.
An electric hum fills the air.
Your wolf is no longer moving slowly.
The hornet stings your wolf!
Your wolf seems to slow down.
Your wolf bites the troll!
The hornet stings your wolf!
Your wolf dies!
Your wolf's corpse disappears in a puff of smoke!
The troll bites you!
* * * LOW HITPOINT WARNING * * *
The troll misses you. The troll claws you!
* * * LOW HITPOINT WARNING * * *
😱 HP[-23] MP[-4]
You take 23 damage, and now have 8/71 hp.
MASSIVE DAMAGE!! (PAUSE)
You lost 4 mp, and now have 12/22 mp.
Unknown command.
Unknown command.
Okay, then. [a] 773 gold - Xiriniy's Weapon Shoppe [b] 505 gold - Roidghysm's Antique Weapon Emporium [c] 580 gold - Yfimoc's Distillery Fund which merchant? [a] 773 gold - Xiriniy's Weapon Shoppe [b] 505 gold - Roidghysm's Antique Weapon Emporium [c] 580 gold - Yfimoc's Distillery Fund which merchant?
You no longer have enough gold to fund merchants seeking to open stores in the dungeon.
Roidghysm invites you to visit his Antique Weapon Emporium.
The troll bites you!
You die...
Your body crumbles into a pile of gold.

Skill      XL: |  1  2  3  4  5  6  7  8  9 10 |
---------------+-------------------------------+-----
Dodging        | 3 4 5 6 7 8 |  8.6
Spellcasting   | 3 4 5 6 8 |  8.0
Summonings     | 5 6 7 8 9 |  9.4
Fighting       | 1 3 4 5 7 |  7.3
Stealth        | |  2.6

Action                   |  1- 3 |  4- 6 |  7- 9 | 10-12 || total
-------------------------+-------+-------+-------+-------++-------
Melee: Unarmed           |    32 |       |       |       ||    32
       Constrict         |    23 |    22 |    31 |    26 ||   102
       Tentacles         |    19 |    20 |    43 |    37 ||   119
       Punch             |     2 |     1 |     1 |     3 ||     7
       Short sword       |    53 |    91 |   162 |   140 ||   446
 Cast: Summon Small Mamm |     6 |     5 |    15 |     9 ||    35
       Call Canine Famil |     1 |     4 |     9 |     6 ||    20
       Call Imp          |       |     3 |     9 |     6 ||    18
       Summon Guardian G |       |       |     3 |     3 ||     6
       Summon Cactus Gia |       |       |       |     4 ||     4
       Summon Lightning  |       |       |       |     3 ||     3
Invok: Call Merchant     |       |       |       |     1 ||     1
  Use: Potion            |       |     3 |       |       ||     3
       Scroll            |       |     3 |     3 |     2 ||     8
 Stab: Sleeping          |    13 |    15 |    10 |     3 ||    41
       Distracted        |       |       |       |     2 ||     2
Armor: Skin              |     7 |    19 |    46 |    64 ||   136
Dodge: Dodged            |    52 |    73 |   130 |   103 ||   358

Levels and vault maps discovered:
D:1:      spicycebolla_arrival_risky_transporter, layout_basic
D:2:      layout_basic
D:3:      layout_basic, gup_sewer_entry_glass,
          shapermc_ecumenical_altar_notcrosses, uniq_terence
D:4:      nicolae_cairo_tiling_large_dashed, layout_basic, marbit_many_paths,
          mainiacjoe_overflow_boulevard, minmay_temple_entry_poolview,
          serial_curves, eino_curves_04, eino_curves_03, grunt_ministairs_11
D:5:      layout_loops_cross, st_stairs_12, kennysheep_boxes, uniq_pikel
D:6:      layout_cave_pools, nzn_random_ring, uniq_crazy_yiuf_cottage,
          uniq_sigmund
D:7:      layout_basic, serial_shops, nicolae_shop_behind_doors, uniq_joseph,
          uniq_menkaure
D:8:      layout_rooms, good_gods_temple_1, minmay_tree_intersection,
          uniq_erica, uniq_maggie
D:9:      layout_gridville, amethyst_overflow_temple_binary, david_orc_2,
          nicolae_shop_self_help, uniq_harold
Temple:   nicolae_temple_superstar

Notes
Turn   | Place    | Note
-------+----------+-------------------------------------------
     0 | D:1      | spaghetti the Octopode Summoner began the quest for the
                  | Orb.
     0 | D:1      | Reached XP level 1. HP: 11/11 MP: 3/3
     0 | D:1      | magus.rc [v1.9.6]
   296 | D:1      | Reached XP level 2. HP: 17/17 MP: 1/5
  1221 | D:1      | Reached XP level 3. HP: 20/21 MP: 6/6
  1231 | D:1      | Learned a level 2 spell: Call Imp
  1235 | D:1      | Learned a level 3 spell: Call Canine Familiar
  1938 | D:2      | You pick up a book of Burglary and begin reading...
  1938 | D:2      | You add the spells Passwall, Ensorcelled Hibernation and
                  | Swiftness to your library.
  2244 | D:2      | Reached XP level 4. HP: 27/27 MP: 8/8
  2443 | D:3      | Reached skill level 3 in Dodging
  2492 | D:3      | Found a faded altar of an unknown god.
  2501 | D:3      | HP: 5/27 [orc priest/divine providence (15)]
  2507 | D:3      | Reached skill level 3 in Spellcasting
  2709 | D:3      | Reached XP level 5. HP: 31/31 MP: 9/9
  2808 | D:3      | Reached skill level 5 in Summonings
  2811 | D:3      | Found a glowing drain.
  2817 | D:3      | You pick up a book of Necromancy and begin reading...
  2817 | D:3      | You add the spells Necrotise, Vampiric Draining and Agony
                  | to your library.
  2844 | D:3      | Reached XP level 6. HP: 32/36 MP: 4/11
  2856 | Sewer    | Entered a sewer
  2975 | Sewer    | Noticed Pargi
  3005 | Sewer    | Killed Pargi
  3006 | Sewer    | Reached skill level 4 in Dodging
  3369 | D:3      | You pick up a book of Scorching and begin reading...
  3369 | D:3      | You add the spells Scorch, Flame Wave and Summon Cactus
                  | Giant to your library.
  3376 | D:3      | Learned a level 3 spell: Summon Guardian Golem
  3756 | D:3      | Noticed Terence
  3767 | D:3      | Killed Terence
  3768 | D:3      | Reached skill level 4 in Spellcasting
  3823 | D:4      | Reached skill level 1 in Fighting
  3823 | D:4      | Reached XP level 7. HP: 38/43 MP: 13/13
  4148 | D:4      | Found a blossoming altar of Fedhas.
  4247 | D:4      | You pick up a book of Vapours and begin reading...
  4247 | D:4      | You add the spells Poisonous Vapours and Cigotuvi's
                  | Dreadful Rot to your library.
  4398 | D:4      | Found a shimmering blue altar of Sif Muna.
  4710 | D:4      | Found a staircase to the Ecumenical Temple.
  4719 | Temple   | Entered the Ecumenical Temple
  4818 | Temple   | Became a worshipper of Gozag Ym Sagoz the Greedy
  4981 | D:5      | Entered Level 5 of the Dungeon
  4991 | D:5      | Reached skill level 6 in Summonings
  4995 | D:5      | Reached skill level 2 in Fighting
  5196 | D:5      | Noticed Pikel
  5211 | D:5      | Killed Pikel
  5212 | D:5      | Reached skill level 3 in Fighting
  5212 | D:5      | Reached skill level 5 in Dodging
  5212 | D:5      | Reached skill level 5 in Spellcasting
  5212 | D:5      | Reached XP level 8. HP: 24/52 MP: 7/15
  5363 | D:4      | Learned a level 4 spell: Summon Lightning Spire
  5367 | D:4      | Learned a level 3 spell: Swiftness
  5918 | D:5      | Reached skill level 6 in Dodging
  5918 | D:5      | Reached skill level 7 in Summonings
  5932 | D:5      | Reached skill level 4 in Fighting
  6101 | D:6      | Reached XP level 9. HP: 50/59 MP: 10/17
  6244 | D:6      | Reached skill level 6 in Spellcasting
  6255 | D:6      | Noticed Sigmund
  6277 | D:6      | Killed Sigmund
  6458 | D:6      | Reached skill level 5 in Fighting
  6568 | D:6      | Found a runed translucent door.
  6569 | D:6      | Noticed Crazy Yiuf
  6804 | D:6      | Noticed a two-headed ogre
  6813 | D:6      | Killed a two-headed ogre
  6814 | D:6      | Reached skill level 7 in Dodging
  6814 | D:6      | Reached skill level 8 in Summonings
  6816 | D:6      | Reached XP level 10. HP: 68/68 MP: 18/20
  6834 | D:6      | You pick up a book of Weapons and begin reading...
  6834 | D:6      | You add the spells Tukima's Dance, Portal Projectile and
                  | Blade Hands to your library.
  6869 | D:6      | Reached skill level 6 in Fighting
  6878 | D:6      | Learned a level 6 spell: Summon Cactus Giant
  6894 | D:6      | Reached skill level 7 in Spellcasting
  7017 | D:6      | You pick up a book of Flames and begin reading...
  7017 | D:6      | You add the spells Foxfire, Kindle Blastsparks and Inner
                  | Flame to your library.
  7105 | D:6      | Killed Crazy Yiuf
  7176 | D:7      | Noticed Menkaure
  7184 | D:7      | Killed Menkaure
  7331 | D:7      | Found Ubbufar's Book Emporium.
  7486 | D:7      | Noticed Joseph
  7498 | D:7      | Killed Joseph
  8116 | D:8      | Noticed Erica
  8126 | D:8      | Killed Erica
  8127 | D:8      | Reached skill level 8 in Dodging
  8127 | D:8      | Reached skill level 9 in Summonings
  8225 | D:8      | Found a glowing silver altar of Zin.
  8230 | D:8      | Found a glowing golden altar of the Shining One.
  8243 | D:8      | Noticed Maggie
  8263 | D:8      | Killed Maggie
  8264 | D:8      | Reached skill level 7 in Fighting
  8541 | D:8      | Found a white marble altar of Elyvilon.
  8637 | D:9      | Found Jauridgh's Self-Improvement Boutique.
  8765 | D:9      | Found a staircase to the Orcish Mines.
  8911 | D:9      | Noticed Harold
  8926 | D:9      | Killed Harold
  8927 | D:9      | Reached skill level 8 in Spellcasting
  9010 | D:9      | HP: 17/71 [troll (15)]
  9010 | D:9      | HP: 8/71 [troll (9)]
  9011 | D:9      | Slain by a troll

Vanquished Creatures
  Harold (D:9)
  A two-headed ogre (D:6)
  Joseph (D:7)
  Maggie (D:8)
  Sigmund (D:6)
  A steam dragon (D:7)
  Menkaure (D:7)
  A water moccasin (D:6)
  2 orc warriors
  3 ice beasts (D:6)
  An ogre (D:5)
  A centaur (D:9)
  A phantom (D:5)
  A lemure (D:5)
  2 kobold brigands
  2 necrophages
  3 scorpions
  A howler monkey (D:6)
  6 hounds
  2 orc priests (D:7)
  Crazy Yiuf (D:6)
  Terence (D:3)
  4 iguanas
  4 orc wizards
  3 gnolls
  11 adders
  3 shadow imps
  An ufetubus (D:6)
  2 worms
  2 dart slugs
  22 orcs
  9 ball pythons
  7 bats
  10 endoplasms
  9 giant cockroaches
  7 goblins
  3 hobgoblins
  3 quokkas
  10 frilled lizards
  10 kobolds
  7 rats
162 creatures vanquished.

Vanquished Creatures (collateral kills)
  Erica (D:8)
  2 water moccasins
  Pargi (Sewer)
  2 centaurs
  A lemure (D:5)
  A kobold brigand (D:8)
  2 necrophages
  A scorpion (D:5)
  2 howler monkeys
  A hound (D:6)
  A gnoll bouda (D:5)
  2 orc priests
  An iguana (D:5)
  4 orc wizards
  A gnoll (D:5)
  An adder (D:3)
  An ufetubus (D:6)
  20 orcs
  A ball python (D:4)
  An endoplasm (D:1)
  A hobgoblin (D:3)
  8 kobolds
56 creatures vanquished.

Vanquished Creatures (others)
  Pikel (D:5)
  A lemure (D:5)
  A kobold (D:8)
3 creatures vanquished.

Grand Total: 221 creatures vanquished

Table legend:
 A = Non-vault XP
 B = Vault XP
 C = Vault XP percentage of total XP
 D = Non-vault monster count
 E = Vault monster count
 F = Vault count percentage of total count
                 A         B        C        D         E       F
            +---------+---------+-------+---------+---------+-------
      Total |    3254 |    5908 |  64.5 |     165 |      53 |  24.3
            +---------+---------+-------+---------+---------+-------
        D:1 |      42 |       0 |   0.0 |      26 |       0 |   0.0
        D:2 |      46 |       0 |   0.0 |      20 |       0 |   0.0
        D:3 |     210 |      92 |  30.5 |      29 |       6 |  17.1
        D:4 |     249 |      87 |  25.9 |      16 |       3 |  15.8
        D:5 |     678 |     729 |  51.8 |      18 |       2 |  10.0
        D:6 |     874 |    1910 |  68.6 |      20 |      19 |  48.7
        D:7 |     575 |     609 |  51.4 |      13 |       2 |  13.3
        D:8 |     470 |    1276 |  73.1 |      22 |       3 |  12.0
        D:9 |     110 |    1037 |  90.4 |       1 |       9 |  90.0
      Sewer |       0 |     168 | 100.0 |       0 |       9 | 100.0
            +---------+---------+-------+---------+---------+-------

Illustrated notes

Table legend:
 A = Kills in this place as a percentage of kills in entire the game.
 B = Kills by you in this place as a percentage of kills by you in the entire game.
 C = Kills by friends in this place as a percentage of kills by friends in the entire game.
 D = Other kills in this place as a percentage of other kills in the entire game.
 E = Experience gained in this place as a percentage of experience gained in the entire game.
 F = Experience gained in this place divided by the number of levels of this place that you have seen.
                   A       B       C       D       E      F
               +-------+-------+-------+-------+-------+----------------------
         Total | 100.0 | 100.0 | 100.0 | 100.0 | 100.0 | 832.9
       Dungeon |  95.9 |  95.0 |  98.2 | 100.0 |  98.2 | 999.3
         Sewer |   4.1 |   5.0 |   1.8 |   0.0 |   1.8 | 168.0
               +-------+-------+-------+-------+-------+----------------------

Table legend: (Time is in decaauts)
 A = Elapsed time spent in this place.
 B = Non-inter-level travel time spent in this place.
 C = Inter-level travel time spent in this place.
 D = Time resting spent in this place.
 E = Time spent auto-exploring this place.
 F = Levels seen in this place.
 G = Mean time per level.
                   A        B        C        D        E       F      G
               +--------+--------+--------+--------+--------+-----+--------+
         Total |   9007 |   8708 |    299 |     53 |   7187 |  11 |  818.8 |
       Dungeon |   8602 |   8316 |    286 |     53 |   6896 |   9 |  955.8 |
        Temple |    112 |     99 |     13 |      0 |     78 |   1 |  112.0 |
         Sewer |    291 |    291 |      0 |      0 |    213 |   1 |  291.0 |
               +--------+--------+--------+--------+--------+-----+--------+

Top non-repeatable levels by time:
     D:1: 1326 daAuts
     D:4: 1231 daAuts
     D:2: 1100 daAuts
     D:3: 1092 daAuts
     D:6: 1073 daAuts
     D:5: 932 daAuts
     D:7: 828 daAuts
     D:8: 625 daAuts
     D:9: 390 daAuts
   Sewer: 291 daAuts
  Temple: 112 daAuts
